 Dungeon Crawl Stone Soup version 0.18.1-6-gd335043 (webtiles) character file.

137 epen the Chopper (level 5, -5/46 HPs)
             Began as a Minotaur Fighter on May 18, 2016.
             Was an Initiate of Qazlal.
             Killed from afar by an orc wizard (11 damage)
             ... with a magic dart
             ... on level 3 of the Dungeon.
             The game lasted 00:02:17 (1106 turns).

epen the Chopper (Minotaur Fighter)                 Turns: 1106, Time: 00:02:17

Health: -5/46      AC: 10    Str: 21    XL:     5   Next: 0%
Magic:  4/4        EV: 10    Int:  5    God:    Qazlal [......]
Gold:   75         SH:  5    Dex: 10    Spells: 0 memorised, 4 levels left

rFire  . . .     SeeInvis .     a - +0 war axe
rCold  . . .     Gourm    .     b - +0 scale mail
rNeg   . . .     Faith    .     p - +1 buckler {AC+3}
rPois  .         Spirit   .     (helmet restricted)
rElec  .         Dismiss  .     (no cloak)
rCorr  .         Reflect  .     (no gloves)
SustAt .         Harm     .     (no boots)
MR     .....                    (no amulet)
Stlth  ..........               (no ring)
                                (no ring)

@: slowed, very slow, not resistant to hostile enchantments, extremely
unstealthy
A: retaliatory headbutt, horns 2
a: Renounce Religion


You were on level 3 of the Dungeon.
You worshipped Qazlal.
Qazlal was noncommittal.
You were hungry.

You visited 1 branch of the dungeon, and saw 3 of its levels.

You collected 75 gold pieces.

Inventory:

Hand Weapons
 a - a +0 war axe (weapon)
Armour
 b - a +0 scale mail (worn)
 c - a +0 shield
 p - a +1 buckler of protection (worn)
Wands
 r - a wand of lightning (4/15)
Scrolls
 e - a scroll of amnesia {unknown}
 h - a scroll of teleportation {unknown}
 i - 2 scrolls of identify {unknown}
 j - a scroll of remove curse {unknown}
 k - a scroll of enchant weapon {unknown}
 n - a scroll of random uselessness {unknown}
Potions
 d - a potion of might
 l - 2 potions of flight {unknown}
 m - a potion of degeneration {unknown}
 q - a potion of brilliance {unknown}
Comestibles
 f - 2 bread rations
 g - a beef jerky
 o - a meat ration


   Skills:
 + Level 4.2 Fighting
 * Level 4.4 Axes
 + Level 4.0 Armour
 * Level 2.9 Dodging
 - Level 3.6 Shields


You had 4 spell levels left.
You didn't know any spells.

Dungeon Overview and Level Annotations

Branches:
Dungeon (3/15)

Altars:
Ashenzari
Gozag
Qazlal


Innate Abilities, Weirdness & Mutations

You reflexively headbutt those who attack you in melee.
You have a pair of horns on your head.


Message History

The magic dart hits you!
* * * LOW HITPOINT WARNING * * *
You block the orc's attack. The orc wizard casts a spell at you.
You resist with some effort. The orc hits you but does no damage.
You hit the orc but do no damage.
The orc is heavily wounded.
The orc completely misses you. The orc wizard misses you. The orc hits you.
* * * LOW HITPOINT WARNING * * *
The orc wizard hits you but does no damage.
You closely miss the orc wizard.
The orc wizard is severely wounded.
You slash the orc!
You kill the orc!
Qazlal accepts your kill.
You have reached level 5!
You block the orc wizard's attack. The orc wizard casts a spell at you.
The magic dart hits you!
You die...

##. .## ... ..
#%. ...###$.
..#
.....#.##..# #
#.........###.#
#.............
#....)[...%..
#..#@).# .
#..o..#
.?..####.#...#
.......<.#.[.#
.........#...#
######...#.....
...........
#....####....
.....# ....


You could see an orc wizard.

Vanquished Creatures
  An orc wizard (D:3)
  5 adders (D:2)
  An adder skeleton (D:2)
  A worm (D:2)
  2 dart slugs (D:2)
  2 giant geckos (D:2)
  2 orcs (D:3)
  A bat skeleton (D:2)
  5 goblins
  4 hobgoblins
  5 jackals
  7 kobolds
  A quokka (D:2)
  8 bats
  A quokka zombie (D:2)
  5 rats
51 creatures vanquished.

Notes
Turn   | Place    | Note
--------------------------------------------------------------
     0 | D:1      | epen the Minotaur Fighter began the quest for the Orb.
     0 | D:1      | Reached XP level 1. HP: 19/19 MP: 0/0
   114 | D:1      | Reached skill level 1 in Dodging
   128 | D:1      | Reached XP level 2. HP: 27/27 MP: 1/1
   434 | D:2      | Reached XP level 3. HP: 33/33 MP: 2/2
   464 | D:2      | Found a shattered altar of Ashenzari.
   653 | D:2      | Reached XP level 4. HP: 35/40 MP: 3/3
   855 | D:2      | Found a stormy altar of Qazlal.
   855 | D:2      | Found an opulent altar of Gozag.
  1034 | D:2      | Became a worshipper of Qazlal Stormbringer
  1106 | D:3      | Reached XP level 5. HP: 5/46 MP: 4/4
  1106 | D:3      | Killed from afar by an orc wizard

Skill      XL: |  1  2  3  4 |
---------------+-------------+-----
Dodging        | 1 2 |  2.9
Axes           | 3 4 |  4.4
Fighting       | 4 |  4.2
Armour         | 4 |  4.0
Shields        | |  3.6

Action                   |  1- 3 |  4- 6 || total
-------------------------+-------+-------++-------
Melee: War axe           |    79 |    36 ||   115
       Headbutt          |     8 |     8 ||    16
Armor: Scale mail        |    49 |    21 ||    70
Dodge: Dodged            |    42 |    21 ||    63
Block: Buckler           |     9 |    17 ||    26
